| TOP OF THE 1ST |
|
Lehigh Valley IronPigs batting - Pitching for Louisville Bats : RHP Hideki Kobayashi
|
|
Pitching: RHP Hideki Kobayashi
|
|
|
Batting: RHB Mitch Boyd
|
0-0: Ball 1-0: Foul Ball, location: 2F 1-1: Fly out, F8 (Line Drive, 8LM, EV 102.5 MPH)
|
|
Batting: RHB Alberto Ramirez
|
0-0: Fly out, F9 (Flyball, 89XD, EV 105.0 MPH)
|
|
Batting: LHB Jose Carlos
|
0-0: Foul Ball, location: 2F 0-1: Fly out, F7 (Flyball, 7S, EV 97.5 MPH)
|
| Top of the 1st over - 0 runs, 0 hits, 0 errors, 0 left on base; Lehigh Valley 0 - Louisville 0 |
| BOTTOM OF THE 1ST |
|
Louisville Bats batting - Pitching for Lehigh Valley IronPigs : RHP William-Floyd Goof
|
|
Pitching: RHP William-Floyd Goof
|
|
|
Batting: RHB Solange Le Coq
|
0-0: Ball 1-0: Ball 2-0: Ball 3-0: SINGLE (Line Drive, 6D, EV 95.0 MPH)
|
|
Batting: SHB Paul Sandoval
|
0-0: Called Strike 0-1: Called Strike 0-2: Ball 1-2: Ball 2-2: Foul Ball, location: 2F 2-2: Ball 3-2: Foul Ball, location: 2F 3-2: Foul Ball, location: 2F 3-2: Strikes out looking
|
|
Batting: RHB Chase Briney
|
0-0: Called Strike 0-1: Ball 1-1: Ball 2-1: Foul Ball, location: 2F 2-2: Ball 3-2: Base on Balls Solange Le Coq to second
|
|
Batting: LHB Satoru Handa
|
0-0: Ball Solange Le Coq is caught stealing 3rd base 2-5 1-0: Called Strike 1-1: Swinging Strike 1-2: Strikes out swinging
|
| Bottom of the 1st over - 0 runs, 1 hit, 0 errors, 1 left on base; Lehigh Valley 0 - Louisville 0 |
| TOP OF THE 2ND |
|
Lehigh Valley IronPigs batting - Pitching for Louisville Bats : RHP Hideki Kobayashi
|
|
Batting: RHB Chris Pounds
|
0-0: Fly out, F7 (Flyball, 7, EV 90.6 MPH)
|
|
Batting: SHB Phuck II
|
0-0: Called Strike 0-1: Ball 1-1: Called Strike 1-2: Ball 2-2: Foul Ball, location: 2F 2-2: Fly out, F8 (Flyball, 8LM, EV 88.8 MPH)
|
|
Batting: RHB Moritake Fukumoto
|
0-0: Foul Ball, location: 2F 0-1: Fly out, F8 (Flyball, 78M, EV 95.0 MPH)
|
| Top of the 2nd over - 0 runs, 0 hits, 0 errors, 0 left on base; Lehigh Valley 0 - Louisville 0 |
| BOTTOM OF THE 2ND |
|
Louisville Bats batting - Pitching for Lehigh Valley IronPigs : RHP William-Floyd Goof
|
|
Batting: LHB Curt Johnson
|
0-0: Called Strike 0-1: Foul Ball, location: 2F 0-2: Foul Ball, location: 2F 0-2: Fly out, F9 (Flyball, 9, EV 94.4 MPH)
|
|
Batting: RHB Chris Zamora
|
0-0: Ball 1-0: Ball 2-0: Called Strike 2-1: Foul Ball, location: 2F 2-2: Ball 3-2: Fly out, F9 (Flyball, 9D, EV 95.0 MPH)
|
|
Batting: RHB Colin Lord
|
0-0: Fly out, F7 (Flyball, 7, EV 94.4 MPH)
|
| Bottom of the 2nd over - 0 runs, 0 hits, 0 errors, 0 left on base; Lehigh Valley 0 - Louisville 0 |
| TOP OF THE 3RD |
|
Lehigh Valley IronPigs batting - Pitching for Louisville Bats : RHP Hideki Kobayashi
|
|
Batting: RHB Kyle Reilly
|
0-0: Ball 1-0: Ball 2-0: Ball 3-0: Called Strike 3-1: Fly out, F7 (Line Drive, 7, EV 97.5 MPH)
|
|
Batting: SHB Benjamin Brown
|
0-0: Called Strike 0-1: Foul Ball, location: 2F 0-2: Ball 1-2: Strikes out looking
|
|
Batting: RHB Jake Cox
|
0-0: Ball 1-0: Ground out 6-3 (Groundball, 6, EV 91.9 MPH)
|
| Top of the 3rd over - 0 runs, 0 hits, 0 errors, 0 left on base; Lehigh Valley 0 - Louisville 0 |
| BOTTOM OF THE 3RD |
|
Louisville Bats batting - Pitching for Lehigh Valley IronPigs : RHP William-Floyd Goof
|
|
Batting: RHB Steve Anderson
|
0-0: Ball 1-0: Ground out U3 (Groundball, 34, EV 91.9 MPH)
|
|
Batting: RHB Ryan Short
|
0-0: Swinging Strike 0-1: Ball 1-1: Swinging Strike 1-2: Ball 2-2: Strikes out swinging
|
|
Batting: RHB Solange Le Coq
|
0-0: Called Strike 0-1: Ball 1-1: Ball 2-1: Ball 3-1: Swinging Strike 3-2: Base on Balls
|
|
Batting: SHB Paul Sandoval
|
0-0: Called Strike 0-1: Ball 1-1: Ball 2-1: Ground out 4-3 (Groundball, 4, EV 76.9 MPH)
|
| Bottom of the 3rd over - 0 runs, 0 hits, 0 errors, 1 left on base; Lehigh Valley 0 - Louisville 0 |
| TOP OF THE 4TH |
|
Lehigh Valley IronPigs batting - Pitching for Louisville Bats : RHP Hideki Kobayashi
|
|
Batting: RHB Mitch Boyd
|
0-0: Ball 1-0: Ball 2-0: Foul Ball, location: 2F 2-1: Ball 3-1: Swinging Strike 3-2: Base on Balls
|
|
Batting: RHB Alberto Ramirez
|
0-0: Called Strike Mitch Boyd steals 2nd base 0-1: Swinging Strike 0-2: Ball 1-2: Ground out 5-3 (Groundball, 56, EV 88.8 MPH)
|
|
Batting: LHB Jose Carlos
|
0-0: Ball 1-0: Foul Ball, location: 2F 1-1: Foul Ball, location: 2F 1-2: Ball 2-2: Strikes out looking
|
|
Batting: RHB Chris Pounds
|
0-0: Foul Ball, location: 2F 0-1: Ball 1-1: Ball 2-1: Swinging Strike 2-2: Ball 3-2: Foul Ball, location: 2F 3-2: Foul Ball, location: 2F 3-2: SINGLE (Groundball, 4MD, EV 111.9 MPH) Mitch Boyd to third Runner from 3rd tries for Home, SAFE, throw by CF to home Chris Pounds to second
|
|
Batting: SHB Phuck II
|
0-0: Called Strike 0-1: Foul Ball, location: 2F 0-2: Strikes out swinging
|
| Top of the 4th over - 1 run, 1 hit, 0 errors, 1 left on base; Lehigh Valley 1 - Louisville 0 |
| BOTTOM OF THE 4TH |
|
Louisville Bats batting - Pitching for Lehigh Valley IronPigs : RHP William-Floyd Goof
|
|
Batting: RHB Chase Briney
|
0-0: Called Strike 0-1: Ball 1-1: Fly out, F7 (Line Drive, 78M, EV 104.4 MPH)
|
|
Batting: LHB Satoru Handa
|
0-0: Ball 1-0: Called Strike 1-1: Ball 2-1: Ball 3-1: Foul Ball, location: 2F 3-2: Fly out, F8 (Line Drive, 8RM, EV 93.8 MPH)
|
|
Batting: LHB Curt Johnson
|
0-0: Ball 1-0: Foul Ball, location: 2F 1-1: Swinging Strike 1-2: Ground out 6-3 (Groundball, 6, EV 79.4 MPH)
|
| Bottom of the 4th over - 0 runs, 0 hits, 0 errors, 0 left on base; Lehigh Valley 1 - Louisville 0 |
| TOP OF THE 5TH |
|
Lehigh Valley IronPigs batting - Pitching for Louisville Bats : RHP Hideki Kobayashi
|
|
Batting: RHB Moritake Fukumoto
|
0-0: Ball 1-0: Called Strike 1-1: SINGLE (Groundball, 4D, EV 107.5 MPH)
|
|
Batting: RHB Kyle Reilly
|
0-0: Called Strike 0-1: Ground out U3 (Groundball, 3, EV 101.9 MPH) Moritake Fukumoto to second
|
|
Batting: SHB Benjamin Brown
|
0-0: Called Strike 0-1: 2-RUN HOME RUN (Line Drive, 9D, EV 103.1 MPH), Distance : 383 ft
|
|
Batting: RHB Jake Cox
|
0-0: Ball 1-0: Called Strike 1-1: Foul Ball, location: 2F 1-2: Strikes out swinging
|
|
Batting: RHB Mitch Boyd
|
0-0: Called Strike 0-1: Fly out, F8 (Flyball, 78M, EV 88.1 MPH)
|
| Top of the 5th over - 2 runs, 2 hits, 0 errors, 0 left on base; Lehigh Valley 3 - Louisville 0 |
| BOTTOM OF THE 5TH |
|
Louisville Bats batting - Pitching for Lehigh Valley IronPigs : RHP William-Floyd Goof
|
|
Batting: RHB Chris Zamora
|
0-0: Foul Ball, location: 2F 0-1: Called Strike 0-2: Strikes out swinging
|
|
Batting: RHB Colin Lord
|
0-0: Ball 1-0: Swinging Strike 1-1: Ball 2-1: Foul Ball, location: 2F 2-2: Foul Ball, location: 2F 2-2: Fly out, F9 (Flyball, 9S, EV 89.4 MPH)
|
|
Batting: RHB Steve Anderson
|
0-0: Ball 1-0: Ground out 1-3 (Groundball, 13, EV 69.4 MPH)
|
| Bottom of the 5th over - 0 runs, 0 hits, 0 errors, 0 left on base; Lehigh Valley 3 - Louisville 0 |
| TOP OF THE 6TH |
|
Lehigh Valley IronPigs batting - Pitching for Louisville Bats : RHP Hideki Kobayashi
|
|
Batting: RHB Alberto Ramirez
|
0-0: Called Strike 0-1: Ball 1-1: Called Strike 1-2: Foul Ball, location: 2F 1-2: Foul Ball, location: 2F 1-2: Foul Ball, location: 2F 1-2: Ball 2-2: Strikes out swinging
|
|
Batting: LHB Jose Carlos
|
0-0: Foul Ball, location: 2F 0-1: Ball 1-1: Ball 2-1: Swinging Strike 2-2: Foul Ball, location: 2F 2-2: Ball 3-2: Base on Balls
|
|
Batting: RHB Chris Pounds
|
0-0: Ball 1-0: Foul Ball, location: 2F 1-1: Swinging Strike 1-2: Ball 2-2: Strikes out looking
|
|
Batting: SHB Phuck II
|
0-0: Ball 1-0: Ball 2-0: Ball 3-0: Called Strike 3-1: Foul Ball, location: 2F 3-2: Base on Balls Jose Carlos to second
|
|
Batting: RHB Moritake Fukumoto
|
0-0: Called Strike 0-1: Foul Ball, location: 2F 0-2: Ball 1-2: DOUBLE (Groundball, 5L, EV 110.0 MPH) Jose Carlos scores Phuck II to third Runner from 3rd tries for Home, SAFE, no throw by LF
|
|
Pitching: RHP Joaquin Villalobos
|
|
|
Batting: RHB Kyle Reilly
|
0-0: Called Strike 0-1: Foul Ball, location: 2F 0-2: Ball 1-2: Fly out, F9 (Flyball, 9, EV 75.0 MPH)
|
| Top of the 6th over - 2 runs, 1 hit, 0 errors, 1 left on base; Lehigh Valley 5 - Louisville 0 |
| BOTTOM OF THE 6TH |
|
Louisville Bats batting - Pitching for Lehigh Valley IronPigs : RHP William-Floyd Goof
|
|
Batting: RHB Ryan Short
|
0-0: Ball 1-0: Ball 2-0: Fly out, F8 (Line Drive, 8LM, EV 110.0 MPH)
|
|
Batting: RHB Solange Le Coq
|
0-0: Called Strike 0-1: Called Strike 0-2: Ball 1-2: Ball 2-2: Ball 3-2: Foul Ball, location: 2F 3-2: Base on Balls
|
|
Batting: SHB Paul Sandoval
|
0-0: Ball 1-0: Ball 2-0: Ball 3-0: Called Strike 3-1: Base on Balls Solange Le Coq to second
|
|
Batting: RHB Chase Briney
|
0-0: Ground out 5-3 (Groundball, 56S, EV 73.1 MPH) Solange Le Coq to third Paul Sandoval to second
|
|
Batting: LHB Satoru Handa
|
0-0: Fly out, F6 (Line Drive, 6M, EV 60.0 MPH)
|
| Bottom of the 6th over - 0 runs, 0 hits, 0 errors, 2 left on base; Lehigh Valley 5 - Louisville 0 |
| TOP OF THE 7TH |
|
Lehigh Valley IronPigs batting - Pitching for Louisville Bats : RHP Joaquin Villalobos
|
|
Batting: SHB Benjamin Brown
|
0-0: Swinging Strike 0-1: Ball 1-1: Called Strike 1-2: Ball 2-2: Ball 3-2: SINGLE (Line Drive, 8LS, EV 106.2 MPH)
|
|
Batting: RHB Jake Cox
|
0-0: Grounds into double play, 6-4-3 (Groundball, 56, EV 85.0 MPH)
|
|
Batting: RHB Mitch Boyd
|
0-0: Called Strike 0-1: Ball 1-1: Foul Ball, location: 2F 1-2: Foul Ball, location: 2F 1-2: Ground out 5-3 (Groundball, 5, EV 88.1 MPH)
|
| Top of the 7th over - 0 runs, 1 hit, 0 errors, 0 left on base; Lehigh Valley 5 - Louisville 0 |
| BOTTOM OF THE 7TH |
|
Louisville Bats batting - Pitching for Lehigh Valley IronPigs : RHP William-Floyd Goof
|
|
Batting: LHB Curt Johnson
|
0-0: Called Strike 0-1: DOUBLE (Line Drive, 8RD, EV 106.2 MPH)
|
|
Batting: RHB Chris Zamora
|
0-0: Fly out, F8 (Flyball, 89D, EV 102.5 MPH) Runner from 2nd tags up, SAFE at 3rd, no throw by CF
|
|
Batting: RHB Colin Lord
|
0-0: Foul Ball, location: 2F 0-1: Foul Ball, location: 2F 0-2: Foul Ball, location: 2F 0-2: Ground out 6-3 (Groundball, 6, EV 86.2 MPH) Curt Johnson scores
|
|
Batting: RHB Steve Anderson
|
0-0: Fly out, F9 (Line Drive, 89M, EV 93.8 MPH)
|
| Bottom of the 7th over - 1 run, 1 hit, 0 errors, 0 left on base; Lehigh Valley 5 - Louisville 1 |
| TOP OF THE 8TH |
|
Lehigh Valley IronPigs batting - Pitching for Louisville Bats : RHP Joaquin Villalobos
|
|
Pitching: RHP Omar Vinson
|
|
|
Batting: RHB Alberto Ramirez
|
0-0: Ball 1-0: Ball 2-0: Called Strike 2-1: Called Strike 2-2: Fly out, F9 (Flyball, 9, EV 86.9 MPH)
|
|
Batting: LHB Jose Carlos
|
0-0: Ground out 4-3 (Groundball, 4, EV 78.8 MPH)
|
|
Batting: RHB Chris Pounds
|
0-0: Called Strike 0-1: Ball 1-1: Swinging Strike 1-2: Ball 2-2: Strikes out looking
|
| Top of the 8th over - 0 runs, 0 hits, 0 errors, 0 left on base; Lehigh Valley 5 - Louisville 1 |
| BOTTOM OF THE 8TH |
|
Louisville Bats batting - Pitching for Lehigh Valley IronPigs : RHP William-Floyd Goof
|
|
Pitching: RHP Chris Faulkner
|
|
|
Batting: RHB Ryan Short
|
0-0: Ball 1-0: Foul Ball, location: 2F 1-1: Ball 2-1: Ball 3-1: Base on Balls
|
|
Batting: RHB Solange Le Coq
|
0-0: Ball 1-0: Ball 2-0: Ball 3-0: Base on Balls Ryan Short to second
|
|
Batting: SHB Paul Sandoval
|
0-0: Called Strike 0-1: Ball 1-1: Ground out 5-3 (Groundball, 56S, EV 67.5 MPH) Ryan Short to third Solange Le Coq to second
|
|
Batting: RHB Chase Briney
|
0-0: Called Strike 0-1: Ball 1-1: Fly out, F7 (Flyball, 7D, EV 90.6 MPH) Runner from 3rd tags up, SCORES, no throw by LF Solange Le Coq to third
|
|
Batting: LHB Satoru Handa
|
0-0: SINGLE (Groundball, 34S, EV 72.5 MPH) (infield hit) Solange Le Coq scores
|
|
Batting: LHB Curt Johnson
|
0-0: Fly out, F6 (Popup, 6MD, EV 58.8 MPH)
|
| Bottom of the 8th over - 2 runs, 1 hit, 0 errors, 1 left on base; Lehigh Valley 5 - Louisville 3 |
| TOP OF THE 9TH |
|
Lehigh Valley IronPigs batting - Pitching for Louisville Bats : RHP Omar Vinson
|
|
Batting: SHB Phuck II
|
0-0: Swinging Strike 0-1: Ball 1-1: Ball 2-1: Ball 3-1: SINGLE (Line Drive, 4MD, EV 95.6 MPH)
|
|
Batting: RHB Moritake Fukumoto
|
0-0: Ball Phuck II steals 2nd base 1-0: Called Strike 1-1: Swinging Strike 1-2: Foul Ball, location: 2F 1-2: Ground out 1-6-3 (Groundball, 15S, EV 103.1 MPH) Phuck II to third
|
|
Batting: RHB Kyle Reilly
|
0-0: DOUBLE (Groundball, 5L, EV 98.1 MPH) Phuck II scores
|
|
Batting: SHB Benjamin Brown
|
0-0: SINGLE (Groundball, 4MD, EV 108.1 MPH) Kyle Reilly to third
|
|
Batting: RHB Jake Cox
|
0-0: Called Strike Benjamin Brown steals 2nd base 0-1: Called Strike 0-2: DOUBLE (Line Drive, 8LXD, EV 103.1 MPH) Kyle Reilly scores Benjamin Brown scores
|
|
Pitching: LHP Zach Masengill
|
|
|
Batting: RHB Mitch Boyd
|
0-0: Fly out, F3 (Line Drive, 4, EV 70.0 MPH)
|
|
Batting: RHB Alberto Ramirez
|
0-0: Ground out 4-3 (Groundball, 4, EV 99.4 MPH)
|
| Top of the 9th over - 3 runs, 4 hits, 0 errors, 1 left on base; Lehigh Valley 8 - Louisville 3 |
| BOTTOM OF THE 9TH |
|
Louisville Bats batting - Pitching for Lehigh Valley IronPigs : RHP Chris Faulkner
|
|
Batting: RHB Chris Zamora
|
0-0: Called Strike 0-1: Ball 1-1: Foul Ball, location: 2F 1-2: Ball 2-2: Strikes out swinging
|
|
Batting: RHB Colin Lord
|
0-0: Called Strike 0-1: DOUBLE (Flyball, 89XD, EV 94.4 MPH)
|
|
Batting: RHB Steve Anderson
|
0-0: Called Strike 0-1: Called Strike 0-2: Ball 1-2: Strikes out swinging
|
|
Batting: RHB Ryan Short
|
0-0: Fly out, F7 (Line Drive, 78M, EV 105.0 MPH)
|
| Bottom of the 9th over - 0 runs, 1 hit, 0 errors, 1 left on base; Lehigh Valley 8 - Louisville 3 |
|